 Dungeon Crawl Stone Soup version 0.24-a0-140-gcaa6c10 (webtiles) character file.

Game seed: 11473346064161618926

46 Lanoc the Chiller (level 3, 0/16 HPs)
             Began as a Vine Stalker Ice Elementalist on Mar 4, 2019.
             Slain by a kobold (2 damage)
             ... on level 2 of the Dungeon.
             The game lasted 00:03:28 (1405 turns).

Lanoc the Chiller (Vine Stalker Ice Elementalist)   Turns: 1405, Time: 00:03:29

Health: 0/16       AC:  2    Str: 10    XL:     3   Next: 68%
Magic:  0/8        EV: 12    Int: 16    God:
Gold:   91         SH:  0    Dex: 14    Spells: 3/7 levels left

rFire    . . .     SeeInvis .   (no weapon)
rCold    . . .     Gourm    .   (no shield)
rNeg     . . .     Faith    .   a - +0 robe
rPois    .         Spirit   +   (no helmet)
rElec    .         Reflect  .   (no cloak)
rCorr    .         Harm     .   (no gloves)
MR       .....                  (no boots)
Stlth    +.........             (no amulet)
HPRegen  0.05/turn              d - ring of attention (curse)
MPRegen  0.11/turn              (no ring)

@: lethally poisoned (0 -> -2), flying
A: fangs 2, magic shield, antimagic bite, no potion heal 3, rot immunity
a: no special abilities


You were on level 2 of the Dungeon.
You were not hungry.

You visited 1 branch of the dungeon, and saw 2 of its levels.

You collected 91 gold pieces.

Inventory:

Armour
 a - a +0 robe (worn)
Jewellery
 d - a cursed ring of attention (left hand)
Scrolls
 b - a scroll of immolation {unknown}
 e - 3 scrolls of identify {unknown}
 f - a scroll of fear {unknown}
 h - 2 scrolls of fog {unknown}
Potions
 i - a potion of cancellation {unknown}
 j - a potion of mutation {unknown}
 l - a potion of invisibility {unknown}
Comestibles
 c - 2 rations
 k - 3 chunks of flesh


   Skills:
 + Level 2.0 Dodging
 - Level 2.4 Stealth
 + Level 2.7 Spellcasting
   Level 1.0 Conjurations
 * Level 3.8 Ice Magic


You had 3 spell levels left.
You knew the following spells:

 Your Spells              Type           Power        Failure   Level  Hunger
a - Freeze                Ice            ##..         3%          1    #......
b - Ozocubu's Armour      Chrm/Ice       #.......     26%         3    ###....

Your spell library contained the following spells:

 Spells                   Type           Power        Failure   Level  Hunger
 Throw Frost              Conj/Ice       ##....       11%         2    ##.....
 Throw Icicle             Conj/Ice       ##......     56%         4    #####..
 Summon Ice Beast         Ice/Summ       #.......     65%         4    #####..


Dungeon Overview and Level Annotations

Branches:
Dungeon (2/15)

Altars:
Fedhas


Innate Abilities, Weirdness & Mutations

You have extremely sharp teeth.
When hurt, damage is shared between your health and your magic reserves.
Your bite disrupts and absorbs the magic of your enemies.
Potions cannot restore your health.
You are immune to rotting.


Message History

The bat hits you but does no damage.
You feel sick. The bat barely misses you.
The jackal barks!
The bat hits you but does no damage.
A bat and a quokka come into view.
The bat hits you but does no damage.
The bat moves out of view.
Casting: Freeze (safe; 4% risk of failure)
Confirm with . or Enter, or press ? or * to list all spells.
Aiming: Freeze (safe; 4% risk of failure)
Press: ? - help, Shift-Dir - straight line, f/p - bat
Aim: a bat (heavily wounded)
You freeze the bat.
You kill the bat!
You feel sick.
You hit the kobold but do no damage. The kobold hits you.
* * * LOW HITPOINT WARNING * * *
It was a potion of flight.
You feel very buoyant.
You fly up into the air.
The jackal misses you. The kobold hits you.
You die...

.......≈≈.... ..
#...≈.≈≈..# ...
###.......<.##.... #
#................# #
..............[### # h
###............# # ...
...............#
.....#####...##........
....r.h@Kr.#.#..r.#.##.
.....#####.#....###...
.#. #....r.##.....
####..........
...####.........
......b%........
........###.....
......#.. .....
......#### ##..


You could see a quokka, 2 jackals, a kobold and a rat.

Vanquished Creatures
  An adder (D:2)
  2 dart slugs (D:1)
  A leopard gecko (D:1)
  3 ball pythons (D:1)
  4 bats
  3 goblins (D:1)
  4 hobgoblins (D:1)
  3 jackals (D:1)
  A quokka (D:2)
  A frilled lizard (D:1)
  3 kobolds (D:1)
  2 rats (D:1)
28 creatures vanquished.

Notes
Turn   | Place    | Note
-------+----------+-------------------------------------------
     0 | D:1      | Lanoc the Vine Stalker Ice Elementalist began the quest for
                  | the Orb.
     0 | D:1      | Reached XP level 1. HP: 9/9 MP: 4/4
    72 | D:1      | Reached XP level 2. HP: 4/13 MP: 0/6
   679 | D:1      | Reached XP level 3. HP: 16/16 MP: 3/7
   857 | D:1      | Learned a level 3 spell: Ozocubu's Armour
  1372 | D:2      | Found a blossoming altar of Fedhas.
  1405 | D:2      | Slain by a kobold

Levels and vault maps discovered:
D:1:      grunt_arrival_lava_bath, layout_loops_ring, minmay_tetromino_o2
D:2:      layout_rooms, fedhas_altar_2

Skill      XL: |  1  2  3 |
---------------+----------+-----
Dodging        | 2 |  2.0
Stealth        | |  2.4
Spellcasting   | |  2.7
Conjurations   | |  1.0
Ice Magic      | |  3.8

Action                   || total
-------------------------++-------
Melee: Unarmed           ||    22
       Bite              ||     8
 Cast: Freeze            ||    45
  Use: Potion            ||     1
  Eat: Chunk             ||     2
Armor: Robe              ||    15
Dodge: Dodged            ||    31

Table legend:
 A = Non-vault XP
 B = Vault XP
 C = Vault XP percentage of total XP
 D = Non-vault monster count
 E = Vault monster count
 F = Vault count percentage of total count
                 A         B        C        D         E       F
            +---------+---------+-------+---------+---------+-------
      Total |      64 |       3 |   4.5 |      26 |       2 |   7.1
            +---------+---------+-------+---------+---------+-------
        D:1 |      47 |       3 |   6.0 |      23 |       2 |   8.0
        D:2 |      17 |       0 |   0.0 |       3 |       0 |   0.0
            +---------+---------+-------+---------+---------+-------
